 Dungeon Crawl Stone Soup version 0.31-a0-881-ge136f0c47a (webtiles) character file.

Game seed: 7073043149823128668

17369 pokeman the Eclecticist (level 12, -16/68 HPs)
             Began as a Deep Elf Hedge Wizard on Oct 16, 2023.
             Was a High Priest of Vehumet.
             Hit by a large rock thrown by a cyclops (41 damage)
             ... on level 11 of the Dungeon.
             The game lasted 00:46:55 (10585 turns).

pokeman the Eclecticist (Deep Elf Hedge Wizard)    Turns: 10585, Time: 00:46:56

Health: -16/68     AC: 13    Str: 13    XL:     12   Next: 18%
Magic:  26/34      EV: 12    Int: 28    God:    Vehumet [*****.]
Gold:   453        SH:  0    Dex: 14    Spells: 8/44 levels left

rFire   + . .        I - +2 dagger (elec)
rCold   . . .        (no shield)
rNeg    . . .        t - +1 leather armour of Fedhas's Generosity {Str+6}
rPois   .            W - +1 helmet {Int+3}
rElec   .            m - +0 cloak
rCorr   +            L - +2 pair of gloves "Quset" {rCorr}
SInv    .            H - +1 pair of boots
Will    +....        g - amulet of magic regeneration
Stlth   ++           l - ring of flight
HPRegen 0.31/turn    y - ring of protection from fire
MPRegen 0.64/turn

%: no passive effects
@: flying
A: no striking features
a: Renounce Religion


You were on level 11 of the Dungeon.
You worshipped Vehumet.
Vehumet was extremely pleased with you.
You visited 2 branches of the dungeon, and saw 12 of its levels.
You also visited: Bailey.

You collected 685 gold pieces.
You spent 232 gold pieces at shops.

Inventory:

Hand Weapons
 I - a +2 dagger of electrocution (weapon)
 P - the +2 glaive of the Mashing Traitor {heavy, *Rage rPois rN+ rCorr}
   (You found it in a bailey)

   rPois:     It protects you from poison rN+: It protects you from negative
   energy.
   *Rage:     It berserks you when you make melee attacks (+20% chance).
   rCorr:     It protects you from acid and corrosion.
Missiles
 a - 8 curare-tipped darts
Armour
 m - a +0 cloak (worn)
 p - a +0 buckler
 t - the +1 leather armour of Fedhas's Generosity (worn) {Str+6}
   (You took it off a kobold brigand on level 3 of the Dungeon)

   Str+6:     It affects your strength (+6).
 H - a +1 pair of boots (worn)
 L - the +2 pair of gloves "Quset" (worn) {rCorr}
   (You found it on level 7 of the Dungeon)

   rCorr:     It protects you from acid and corrosion.
 O - a +3 scale mail of poison resistance
 Q - a +2 scale mail of cold resistance
 W - a +1 helmet of intelligence (worn)
Magical Staves
 i - a staff of earth
 A - a staff of poison
 F - a staff of air
Jewellery
 g - an amulet of magic regeneration (around neck)
 l - a ring of flight (left hand)
 y - a ring of protection from fire (right hand)
 S - an amulet of guardian spirit
Wands
 s - a wand of mindburst (20)
 w - a wand of iceblast (5)
 R - a wand of polymorph (2)
 V - a wand of quicksilver (5)
Scrolls
 b - 2 scrolls of blinking {unknown}
 c - a scroll of silence {unknown}
 e - 5 scrolls of teleportation {unknown}
 j - 9 scrolls of identify {unknown}
 k - a scroll of fear {unknown}
 n - 2 scrolls of amnesia {unknown}
 o - 4 scrolls of immolation {unknown}
 q - 2 scrolls of brand weapon {unknown}
 u - 3 scrolls of noise {unknown}
 v - a scroll of poison {unknown}
 z - a scroll of vulnerability {unknown}
 B - 3 scrolls of revelation {unknown}
 J - a scroll of butterflies {unknown}
 T - a scroll of enchant weapon {unknown}
Potions
 d - 3 potions of magic
 f - 3 potions of heal wounds {unknown}
 h - a potion of degeneration {unknown}
 r - a potion of lignification {unknown}
 x - 2 potions of attraction {unknown}
 C - 2 potions of mutation {unknown}
 D - 5 potions of might {unknown}
 E - 2 potions of curing {unknown}
 G - a potion of invisibility {unknown}
 K - a potion of berserk rage {unknown}
 M - 2 potions of brilliance {unknown}
 N - 3 potions of haste {unknown}


   Skills:
 - Level 5.0 Fighting
 + Level 4.5 Armour
 - Level 3.1 Dodging
 - Level 3.2 Stealth
 - Level 2.2 Shields
 * Level 16.6 Spellcasting
 + Level 9.9 Conjurations
 - Level 1.1 Summonings
 - Level 1.1 Translocations
 - Level 1.2 Transmutations
 + Level 8.7 Fire Magic
 - Level 1.2 Ice Magic
 - Level 1.3 Air Magic
 - Level 3.0 Earth Magic
 - Level 1.2 Poison Magic
 - Level 1.0 Evocations


You had 8 spell levels left.
You knew the following spells:

 Your Spells              Type           Power      Damage    Failure   Level
a - Magic Dart            Conj           100%       1d8       1%          1
b - Mephitic Cloud        Conj/Pois/Air  46%        N/A       1%          3
c - Call Imp              Summ           58%        N/A       2%          2
d - Blink                 Tloc           58%        N/A       2%          2
e - Foxfire               Conj/Fire      100%       2x1d9     1%          1
f - Starburst             Conj/Fire      33%        6d10      2%          6
g - Ignition              Fire           32%        3d10      71%         8
h - Swiftness             Air            30%        N/A       4%          3
i - Irradiate             Conj/Tmut      26%        3d20      1%          5
j - Freezing Cloud        Conj/Ice/Air   23%        6-21      3%          5

Your spell library contained the following spells:

 Spells                   Type           Power      Damage    Failure   Level
 Apportation              Tloc           58%        N/A       1%          1
 Shock                    Conj/Air       100%       1d9       1%          1
 Summon Small Mammal      Summ           100%       N/A       1%          1
 Momentum Strike          Conj/Tloc      100%       3d10      1%          2
 Dazzling Flash           Conj/Hex       100%       N/A       1%          3
 Frozen Ramparts          Ice            60%        1d10      1%          3
 Volatile Blastmotes      Fire/Tloc      100%       2d18      1%          3
 Necrotise                Necr           92%        1d8       2%          1
 Slow                     Hex            92%        N/A       2%          1
 Cigotuvi's Dreadful Rot  Necr/Pois/Air  56%        N/A       2%          2
 Lesser Beckoning         Tloc           58%        N/A       2%          2
 Wereblood                Tmut           30%        N/A       2%          2
 Sublimation of Blood     Necr           23%        N/A       3%          2
 Ozocubu's Armour         Ice            30%        N/A       4%          3
 Airstrike                Air            15%        2d(3-19)  4%          4
 Olgreb's Toxic Radiance  Pois           30%        N/A       4%          4
 Petrify                  Tmut/Erth      35%        N/A       11%         4
 Passage of Golubria      Tloc           29%        N/A       16%         4
 Silence                  Hex/Air        13%        N/A       45%         5
 Metabolic Englaciation   Hex/Ice        13%        N/A       47%         5
 Lehudib's Crystal Spear  Conj/Erth      28%        10d7      94%         8
 Ozocubu's Refrigeration  Ice            15%        4d10      95%         7
 Simulacrum               Ice/Necr       13%        N/A       96%         6
 Summon Hydra             Summ           14%        N/A       100%        7
 Discord                  Hex            11%        N/A       100%        8
 Maxwell's Capacitive Co  Air            15%        ∞         100%        8


Dungeon Overview and Level Annotations

Branches:
Dungeon (11/15)            Temple (1/1) D:4            Lair (0/5) D:9
 Bailey (visited)
    Orc: D:9-12

Altars:
Ashenzari
Cheibriados
Dithmenos
Elyvilon
Fedhas
Gozag
Hepliaklqana
Kikubaaqudgha
Makhleb
Nemelex Xobeh
Okawaru
Qazlal
Ru
Sif Muna
Trog
Uskayaw
Vehumet
Wu Jian
Xom
Yredelemnul
Zin
The Shining One
Lugonu

Shops:
D:10 [

Annotations:
D:6 Gargoyle


Message History

Confirm with . or Enter, or press ? or * to list all spells.
Casting: Starburst (dangerous; 2% risk of failure)
Press: ? - help, Dir - look around, f - activate The bolt of fire hits the komodo dragon!!
You kill the komodo dragon!
Vehumet accepts your kill.
You feel your power returning.
Unknown command.
Casting: Starburst (dangerous; 2% risk of failure)
Confirm with . or Enter, or press ? or * to list all spells.
You can't see any susceptible monsters within range! (Use Z to cast anyway.) Unknown command.
Magic restored.
A troll comes into view.
The troll shouts!
Found 20 gold pieces.
A cyclops comes into view.
The cyclops shouts!
An orc comes into view. It is wielding a +0 hand axe.
Casting: Starburst (dangerous; 2% risk of failure)
Confirm with . or Enter, or press ? or * to list all spells.
Casting: Starburst (dangerous; 2% risk of failure)
Press: ? - help, Dir - look around, f - activate The bolt of fire hits the troll!!
The troll is severely wounded.
The orc shouts!
Unknown command.
Casting: Starburst (dangerous; 2% risk of failure)
Confirm with . or Enter, or press ? or * to list all spells.
Casting: Starburst (dangerous; 2% risk of failure)
Press: ? - help, Dir - look around, f - activate The bolt of fire hits the troll!!
You kill the troll!
Vehumet accepts your kill.
You feel your power returning.
The cyclops throws a large rock.
The large rock hits you!!!
Ouch! That really hurt!
The cyclops throws a large rock.
The large rock hits you!!!
Ouch! That really hurt!
You die...

#...# #######...##
...........#
............#
............#
............#
#o..####..###
##...####.†<.#..
........@.........#
.$..........(.....#
..................#
..................#
..........<.......#
.....^...........(#
##...C..#...##...##
#....####### ##
.....


You could see a cyclops.

Vanquished Creatures
  The ghost of hito the Mimic, a journeyman DrSh of Trog (D:10)
  A hydra (D:10)
  4 two-headed ogres
  Pikel (D:8)
  Maurice (D:9)
  A gargoyle (Bailey)
  Jeremiah (D:7)
  A kobold demonologist (D:8)
  2 komodo dragons
  4 trolls
  4 slime creatures (D:10)
  3 shadows
  A vampire (Bailey)
  12 yaks
  A wyvern (D:8)
  2 wraiths
  Grum (D:10)
  Menkaure (D:6)
  A water moccasin (D:7)
  An acid dragon (D:9)
  2 orc warriors
  Duvessa (D:7)
  A sky beast (D:8)
  2 ice beasts
  4 black bears
  7 wolves
  11 centaurs
  A phantom (D:6)
  A lemure (D:9)
  11 kobold brigands
  A bullfrog (D:8)
  2 gnoll sergeants
  5 scorpions
  Dowan (D:7)
  12 killer bees
  3 howler monkeys (D:10)
  8 vampire bats (Bailey)
  8 wolf zombies (Bailey)
  4 electric eels (D:9)
  9 hounds
  4 orc priests
  A gnoll bouda (D:4)
  A sleepcap (D:4)
  2 iguanas
  9 orc wizards
  3 adders
  18 gnolls
  4 shadow imps
  4 white imps
  2 worms
  4 dart slugs
  25 orcs
  7 endoplasms
  2 giant cockroaches
  10 goblins
  6 hobgoblins
  42 kobolds
  6 quokkas
  5 ball pythons
  5 bats
  A frilled lizard (D:1)
  10 kobold skeletons (D:8)
  8 kobold zombies (D:8)
  24 orc zombies (Bailey)
  2 rats (D:2)
343 creatures vanquished.

Vanquished Creatures (collateral kills)
  A yak (D:4)
  A kobold brigand (D:3)
  A killer bee (D:5)
  An orc (D:8)
  An endoplasm (D:2)
5 creatures vanquished.

Vanquished Creatures (others)
  717 foxfires
717 creatures vanquished.

Grand Total: 1065 creatures vanquished

Notes
Turn   | Place    | Note
-------+----------+-------------------------------------------
     0 | D:1      | pokeman the Deep Elf Hedge Wizard began the quest for the
                  | Orb.
     0 | D:1      | Reached XP level 1. HP: 10/10 MP: 7/7
   322 | D:1      | Reached XP level 2. HP: 16/16 MP: 3/9
   909 | D:2      | Reached skill level 5 in Spellcasting
  1005 | D:2      | Reached XP level 3. HP: 20/20 MP: 8/11
  1009 | D:2      | Learned a level 3 spell: Mephitic Cloud
  1012 | D:2      | Learned a level 2 spell: Call Imp
  1015 | D:2      | Learned a level 2 spell: Blink
  1331 | D:2      | Reached skill level 1 in Fighting
  1331 | D:2      | Reached skill level 1 in Armour
  1340 | D:2      | Reached XP level 4. HP: 15/25 MP: 6/13
  1897 | D:3      | Found an ancient bone altar of Kikubaaqudgha.
  2085 | D:3      | Noticed a kobold brigand
  2093 | D:3      | Identified the +1 leather armour of Fedhas's Generosity
                  | {Str+6}
  2093 | D:3      | Noticed a kobold brigand
  2100 | D:3      | Killed a kobold brigand
  2101 | D:3      | Reached skill level 6 in Spellcasting
  2101 | D:3      | Reached XP level 5. HP: 29/29 MP: 12/15
  2115 | D:3      | Reached skill level 1 in Evocations
  2701 | D:4      | Noticed a yak
  2701 | D:4      | Noticed a yak
  2702 | D:4      | Noticed a yak
  2702 | D:4      | Noticed a yak
  2703 | D:4      | Noticed a yak
  2741 | D:4      | Killed a yak
  2742 | D:4      | Reached skill level 1 in Shields
  2742 | D:4      | Reached skill level 7 in Spellcasting
  2742 | D:4      | Reached skill level 1 in Poison Magic
  2742 | D:4      | Reached XP level 6. HP: 15/34 MP: 16/18
  2754 | D:4      | Killed a yak
  2755 | D:4      | Reached skill level 1 in Earth Magic
  2755 | D:4      | Reached XP level 7. HP: 21/38 MP: 17/20
  2761 | D:4      | Killed a yak
  2762 | D:4      | Reached skill level 1 in Air Magic
  2766 | D:4      | Reached skill level 8 in Spellcasting
  2782 | D:4      | Killed a yak
  2803 | D:4      | Killed a yak
  2804 | D:4      | Reached XP level 8. HP: 10/43 MP: 15/22
  3164 | D:4      | Reached skill level 9 in Spellcasting
  3178 | D:4      | Learned a level 8 spell: Ignition
  3478 | D:4      | Found a staircase to the Ecumenical Temple.
  3501 | D:4      | Learned a level 6 spell: Starburst
  3504 | Temple   | Entered the Ecumenical Temple
  3518 | Temple   | Became a worshipper of Vehumet
  3798 | D:5      | Entered Level 5 of the Dungeon
  3898 | D:5      | Reached skill level 1 in Fire Magic
  3954 | D:5      | Reached skill level 5 in Conjurations
  4099 | D:5      | Found a basalt altar of Yredelemnul.
  4467 | D:5      | Reached skill level 10 in Spellcasting
  4504 | D:5      | Learned a level 3 spell: Swiftness
  4882 | D:6      | Noticed a gargoyle
  4893 | D:6      | Noticed Menkaure
  4916 | D:6      | Killed Menkaure
  4917 | D:6      | Reached XP level 9. HP: 43/48 MP: 21/25
  5278 | D:7      | Reached * piety under Vehumet
  5278 | D:7      | Offered knowledge of Foxfire by Vehumet.
  5281 | D:7      | Learned a level 1 spell: Foxfire
  5310 | D:7      | Noticed Jeremiah
  5330 | D:7      | Reached skill level 11 in Spellcasting
  5352 | D:7      | Noticed Duvessa
  5352 | D:7      | Noticed Dowan
  5384 | D:7      | Killed Duvessa
  5387 | D:7      | Killed Dowan
  5540 | D:7      | Killed Jeremiah
  5550 | D:7      | HP: 2/51 [poisoned by a scorpion]
  5764 | D:7      | Reached skill level 12 in Spellcasting
  5810 | D:7      | Found a shadowy altar of Dithmenos.
  6008 | D:7      | Identified the +2 pair of gloves "Quset" {rCorr}
  6013 | D:7      | Found a shimmering altar of Xom.
  6028 | D:7      | Found a broken altar of Ashenzari.
  6029 | D:7      | Found a blossoming altar of Fedhas.
  6030 | D:7      | Found a snail-covered altar of Cheibriados.
  6129 | D:7      | Found a sparkling altar of Nemelex Xobeh.
  6189 | D:8      | Found a bloodstained altar of Trog.
  6234 | D:8      | Reached skill level 5 in Fire Magic
  6376 | D:8      | Reached XP level 10. HP: 56/56 MP: 24/28
  6477 | D:8      | Reached ** piety under Vehumet
  6477 | D:8      | Offered knowledge of Scorch by Vehumet.
  6547 | D:8      | Found a glowing golden altar of the Shining One.
  6573 | D:8      | Reached skill level 13 in Spellcasting
  6686 | D:8      | Offered knowledge of Static Discharge by Vehumet.
  6746 | D:8      | Reached *** piety under Vehumet
  7040 | D:8      | Found a stormy altar of Qazlal.
  7137 | D:8      | Found an ancient bone altar of Kikubaaqudgha.
  7286 | D:8      | Offered knowledge of Ignite Poison by Vehumet.
  7355 | D:9      | Noticed Pikel
  7380 | D:8      | Killed Pikel
  7559 | D:9      | Noticed a two-headed ogre
  7560 | D:9      | Noticed Maurice
  7565 | D:9      | Killed a two-headed ogre
  7566 | D:9      | Reached skill level 5 in Fighting
  7566 | D:9      | Reached skill level 14 in Spellcasting
  7574 | D:9      | Killed Maurice
  7708 | D:9      | Reached **** piety under Vehumet
  7709 | D:9      | Reached XP level 11. HP: 8/63 MP: 25/31
  7758 | D:9      | Found a flagged portal.
  7771 | Bailey   | Entered a bailey
  7958 | Bailey   | Offered knowledge of Irradiate by Vehumet.
  7966 | Bailey   | Learned a level 5 spell: Irradiate
  8345 | Bailey   | Reached skill level 1 in Transmutations
  8421 | Bailey   | Identified the +2 glaive of the Mashing Traitor {heavy,
                  | *Rage rPois rN+ rCorr}
  8523 | D:9      | Found a staircase to the Lair.
  8529 | D:9      | Reached ***** piety under Vehumet
  8533 | D:9      | Reached skill level 15 in Spellcasting
  8539 | D:9      | Offered knowledge of Freezing Cloud by Vehumet.
  8546 | D:9      | Learned a level 5 spell: Freezing Cloud
  9228 | D:10     | Entered Level 10 of the Dungeon
  9310 | D:10     | Noticed a two-headed ogre
  9314 | D:10     | Killed a two-headed ogre
  9315 | D:10     | Reached skill level 1 in Ice Magic
  9378 | D:10     | Noticed Grum
  9383 | D:10     | Killed Grum
  9427 | D:10     | Noticed a six-headed hydra
  9433 | D:10     | Killed a six-headed hydra
  9718 | D:10     | Found a hazy altar of Hepliaklqana.
  9841 | D:10     | Reached skill level 16 in Spellcasting
  9949 | D:10     | Noticed a two-headed ogre
  9963 | D:10     | Killed a two-headed ogre
  9964 | D:10     | Reached XP level 12. HP: 68/68 MP: 22/34
  9993 | D:10     | Found Zuytresa's Antique Armour Shoppe.
 10001 | D:10     | Bought a runed helmet for 232 gold pieces
 10033 | D:10     | Noticed a two-headed ogre
 10036 | D:10     | Killed a two-headed ogre
 10112 | D:10     | Found a burning altar of Makhleb.
 10112 | D:10     | Noticed a balrug
 10192 | D:10     | Found a runed translucent door.
 10192 | D:10     | Noticed hito's ghost (journeyman DrSh)
 10462 | D:10     | Killed hito's ghost
 10585 | D:11     | Hit by a large rock thrown by a cyclops

Illustrated notes

Levels and vault maps discovered:
D:1:      heliophobic_arrival_glass_houses, layout_rooms, minmay_pentomino_t4
D:2:      layout_loops_corners, kennysheep_generic_room_4
D:3:      cheibrodos_thug_alley, layout_loops_ring,
          nicolae_overflow_crystal_walls, serial_glass, glass_columns_b,
          glass_columns_a, item_on_display_a, eino_tiny_chamber
D:4:      nicolae_cairo_tiling_large_dashed, layout_loops_ring,
          minmay_temple_entry_offerings
D:5:      layout_basic, old_standard_altar
D:6:      layout_loops_ring, serial_shops, nicolae_shop_trees, uniq_menkaure
D:7:      dreamdust_elfheim, layout_rooms, kennysheep_mini,
          mainiacjoe_overflow_paths, mainiacjoe_overflow_alcove_3, uniq_jeremiah
D:8:      wander_kiku_kobolds, layout_loops_ring, trog_ov_bears_minmay,
          mainiacjoe_overflow_brackets, mainiacjoe_overflow_catwalk
D:9:      layout_irregular_city, erik_lair_island, enter_bailey_5, uniq_maurice,
          uniq_pikel
D:10:     layout_loops_ring, makhleb_altar_promises_db,
          mainiacjoe_overflow_surrounded_room, serial_shops, shop,
          gammafunk_ghost_grave, grunt_potential, uniq_grum
D:11:     layout_gridville, hiddenorc2_lemuel, serial_shops, bzr_entry_road,
          amcnicky_mini_pool_small
Temple:   corrupted_temple

Skill      XL: |  1  2  3  4  5  6  7  8  9 10 11 |
---------------+----------------------------------+-----
Spellcasting   | 5 6 7 8 10 12 14 16 | 16.6
Fighting       | 1 2 3 5 |  5.0
Armour         | 1 2 4 |  4.5
Conjurations   | 2 3 4 5 7 8 9 |  9.9
Dodging        | 3 |  3.1
Stealth        | 3 |  3.2
Evocations     | 1 |  1.0
Shields        | 1 2 |  2.2
Poison Magic   | 1 |  1.2
Earth Magic    | 1 2 3 |  3.0
Air Magic      | 1 |  1.3
Fire Magic     | 3 5 6 8 |  8.7
Transmutations | 1 |  1.2
Ice Magic      | 1 |  1.2
Summonings     | |  1.1
Translocations | |  1.1

Action                     |  1- 3 |  4- 6 |  7- 9 | 10-12 || total
---------------------------+-------+-------+-------+-------++-------
  Melee: Dagger            |    15 |    14 |   107 |    49 ||   185
         Punch             |       |       |     3 |     1 ||     4
   Cast: Magic Dart        |    89 |    42 |   201 |     6 ||   338
         Mephitic Cloud    |     3 |     6 |    34 |    26 ||    69
         Call Imp          |       |     3 |    10 |     2 ||    15
         Blink             |       |       |     4 |     1 ||     5
         Foxfire           |       |       |    79 |   315 ||   394
         Starburst         |       |       |       |    74 ||    74
   Stab: Confused          |     3 |     2 |    13 |     8 ||    26
         Distracted        |       |       |     1 |       ||     1
 Armour: Robe              |    10 |    10 |       |       ||    20
         Leather armour    |       |     5 |    75 |   114 ||   194
  Dodge: Dodged            |    18 |    10 |   104 |    77 ||   209

Table legend: (Time is in decaauts)
 A = Elapsed time spent in this place.
 B = Non-inter-level travel time spent in this place.
 C = Inter-level travel time spent in this place.
 D = Time resting spent in this place.
 E = Time spent auto-exploring this place.
 F = Levels seen in this place.
 G = Mean time per level.
                   A        B        C        D        E       F      G
               +--------+--------+--------+--------+--------+-----+--------+
         Total |  10589 |  10324 |    265 |    555 |   7414 |  13 |  814.5 |
       Dungeon |   9855 |   9603 |    252 |    555 |   6986 |  11 |  895.9 |
        Temple |     28 |     15 |     13 |      0 |      0 |   1 |   28.0 |
        Bailey |    705 |    705 |      0 |      0 |    428 |   1 |  705.0 |
               +--------+--------+--------+--------+--------+-----+--------+

Top non-repeatable levels by time:
    D:10: 1338 daAuts
     D:8: 1305 daAuts
     D:2: 1101 daAuts
     D:9: 1041 daAuts
     D:5: 1033 daAuts
     D:4: 1000 daAuts
     D:7: 901 daAuts
     D:3: 884 daAuts
     D:1: 781 daAuts
  Bailey: 705 daAuts
     D:6: 441 daAuts
  Temple: 28 daAuts
    D:11: 25 daAuts
